 Dungeon Crawl Stone Soup version 0.24.1-14-gf8d2b509d9 (webtiles) character file.

Game seed: 13191490429282476930, levelgen mode: deterministic

37 Hugehornet the Cudgeler (level 3, 0/23 HPs)
             Began as a Gargoyle Fighter on May 24, 2020.
             Slain by an orc
             ... wielding a +0 war axe
              (3 damage)
             ... on level 4 of the Dungeon.
             The game lasted 00:02:01 (974 turns).

Hugehornet the Cudgeler (Gargoyle Fighter)           Turns: 974, Time: 00:02:02

Health: 0/23       AC: 14    Str: 19    XL:     3   Next: 39%
Magic:  3/3        EV:  3    Int:  9    God:
Gold:   32         SH:  0    Dex:  9    Spells: 2/2 levels left

rFire    . . .     SeeInvis .   a - +0 flail
rCold    . . .     Gourm    .   c - +0 shield
rNeg     + . .     Faith    .   m - +0 plate armour
rPois    ∞         Spirit   .   (no helmet)
rElec    +         Reflect  .   (no cloak)
rCorr    .         Harm     .   (no gloves)
MR       .....                  (no boots)
Stlth    ..........             (no amulet)
HPRegen  0.07/turn              (no ring)
MPRegen  0.08/turn              (no ring)

@: confused, very slightly contaminated, invisible
A: negative energy resistance 1, electricity resistance, unbreathing,
petrification resistance, rot immunity, AC +3
a: no special abilities


You were on level 4 of the Dungeon.
You were not hungry.

You visited 1 branch of the dungeon, and saw 3 of its levels.

You collected 32 gold pieces.

Inventory:

Hand Weapons
 a - a +0 flail (weapon)
Armour
 b - a +0 scale mail
 c - a +0 shield (worn)
 m - a +0 plate armour (worn)
Jewellery
 n - an uncursed amulet of harm {unknown}
Wands
 r - a wand of acid (4)
Scrolls
 e - a scroll of noise {unknown}
 g - a scroll of amnesia {unknown}
 i - a scroll of random uselessness {unknown}
 j - a scroll of identify {unknown}
 k - 3 scrolls of remove curse {unknown}
 l - a scroll of fog {unknown}
 o - 3 scrolls of magic mapping {unknown}
 q - 3 scrolls of enchant armour {unknown}
Potions
 d - a potion of might
 h - a potion of mutation {unknown}
 p - a potion of invisibility
 s - a potion of lignification {unknown}
Comestibles
 f - 3 rations


   Skills:
 - Level 3.2 Fighting
 + Level 3.7 Maces & Flails
 - Level 3.2 Armour
 - Level 3.2 Shields


You had 2 spell levels left.
You didn't know any spells.
Your spell library was empty.

Dungeon Overview and Level Annotations

Branches:
Dungeon (2/15)

Altars:
Cheibriados


Innate Abilities, Weirdness & Mutations

You are resistant to torment.
Your stone body is resilient. (AC +3)
You are immune to poison.
You resist negative energy. (rN+)
You are resistant to electric shocks. (rElec)
You can survive without breathing.
You are immune to petrification.
You are immune to rotting.


Message History

The orc hits you but does no damage.
The orc priest begins to cast a cantrip, but forgets the words!
You hear some strange, mumbled words.
Something tries to affect you, but you resist.
You are very lightly contaminated with residual magic.
You're too confused to move!
The orc priest hits you but does no damage.
The orc hits you but does no damage. Something hits you but does no damage.
You completely miss the orc priest.
The orc priest is severely wounded.
Something hits you.
* * * LOW HITPOINT WARNING * * *
You closely miss the orc. The orc hits you with a +0 war axe.
* * * LOW HITPOINT WARNING * * *
The orc hits you but does no damage. Something hits you but does no damage.
You miss the orc. The orc hits you but does no damage.
Something hits you but does no damage. The orc completely misses you.
Something hits you but does no damage.
You bump into the rock wall.
The orc hits you with a +0 war axe.
You die...

#..?......
#........
##..?_...#
#........#####
#...........).
#.............
#...wsSo.o....
#...S{ooo#
######@###
#####'####
#........#
#........#
#........#####
#............#
#.......(....#
#.##.........#
#.##.........#


You could see a worm, a scorpion, an orc priest, 2 adders and 4 orcs.

Vanquished Creatures
  An adder (D:2)
  An adder skeleton (D:4)
  3 goblins (D:1)
  3 hobgoblins (D:1)
  5 jackals
  5 kobolds (D:1)
  A quokka (D:2)
  3 bats
22 creatures vanquished.

Notes
Turn   | Place    | Note
-------+----------+-------------------------------------------
     0 | D:1      | Hugehornet the Gargoyle Fighter began the quest for the
                  | Orb.
     0 | D:1      | Reached XP level 1. HP: 14/14 MP: 1/1
   112 | D:1      | Reached XP level 2. HP: 19/19 MP: 2/2
   724 | D:2      | Found a faded altar of an unknown god.
   745 | D:2      | Reached XP level 3. HP: 23/23 MP: 3/3
   748 | D:2      | You fall into a shaft and drop 2 floors!
   946 | D:4      | Found a snail-covered altar of Cheibriados.
   954 | D:4      | Noticed a scorpion
   974 | D:4      | Slain by an orc

Levels and vault maps discovered:
D:1:      minmay_arrival_checkered_box, layout_rooms, minmay_tromino_v7
D:2:      layout_loops_corners, nemelex_xobeh_ov_fountains_minmay,
          fedhas_altar_3, chequers_ecumenical_altar_twisty,
          minmay_misc_feat_diagonals, minmay_randomly_rotated_circles
D:4:      kb_forest_paths, layout_basic, cheibriados_altar_1,
          gammafunk_temple_overflow_statue, lemuel_crystal_altar, serial_shops,
          nicolae_shop_overgrown_old_shop, first_ration, sigmund_army,
          uniq_crazy_yiuf_cottage, uniq_ijyb

Skill      XL: |  1  2 |
---------------+-------+-----
Maces & Flails | 3 |  3.7
Fighting       | |  3.2
Armour         | |  3.2
Shields        | |  3.2

Action                   || total
-------------------------++-------
Melee: Flail             ||    90
  Use: Potion            ||     1
Armor: Scale mail        ||    15
       Plate armour      ||    73
Dodge: Dodged            ||    26
Block: Shield            ||    48
